 Dungeon Crawl Stone Soup version 0.29.1-15-g9cfb28693d (webtiles) character file.

Game seed: 15942614604267044722

4704 kingofthe the Covert (level 10, -7/44 HPs)
             Began as a Spriggan Enchanter on Mar 13, 2023.
             Was a Priest of Dithmenos.
             Mangled by an orc warrior
             ... wielding a +0 scimitar
              (16 damage)
             ... on level 8 of the Dungeon.
             The game lasted 00:36:19 (10956 turns).

kingofthe the Covert (Spriggan Enchanter)          Turns: 10956, Time: 00:36:20

Health: -7/44      AC:  6    Str:  4    XL:     10   Next: 21%
Magic:  13/23      EV: 25    Int: 22    God:    Dithmenos [***...]
Gold:   340        SH:  0    Dex: 19    Spells: 17/26 levels left

rFire   . . .      SeeInvis +   C - +2 short sword (elec)
rCold   + . .      Faith    .   (no shield)
rNeg    . . .      Spirit   .   B - +0 robe of the Elven Halls {rC+ Regen+ Int+4}
rPois   .          Reflect  .   (helmet restricted)
rElec   .          Harm     .   (no cloak)
rCorr   .          Rampage  .   (gloves unavailable)
Will    +....                   (boots unavailable)
Stlth   ++++++++..              x - amulet of regeneration
HPRegen 1.74/turn               T - +4 ring of protection
MPRegen 0.18/turn               Y - +4 ring of slaying

@: confusing by touch, wreathed by umbra, studying Earth Magic, very quick
A: very small, no large weapons, unfitting armour, see invisible, speed 3
a: Renounce Religion, Shadow Step


You were on level 8 of the Dungeon.
You worshipped Dithmenos.
Dithmenos was most pleased with you.
You visited 2 branches of the dungeon, and saw 9 of its levels.
You also visited: Bailey.

You collected 340 gold pieces.


Innate Abilities, Weirdness & Mutations

You are very small and have problems with some larger weapons.
You are too small for most types of armour.
You have supernaturally acute eyesight. (SInv)
You cover ground extremely quickly. (Speed+++)


   Skills:
 + Level 2.5 Short Blades
 + Level 10.2 Dodging
 + Level 13.0 Stealth
 + Level 8.9 Spellcasting
 + Level 9.3 Hexes


You had 17 spell levels left.
You knew the following spells:

 Your Spells              Type           Power      Damage    Failure   Level
a - Ensorcelled Hibernat  Hex/Ice        60%        N/A       1%          2
b - Confusing Touch       Hex            50%        N/A       1%          3
c - Tukima's Dance        Hex            50%        N/A       1%          3
d - Slow                  Hex            100%       N/A       1%          1

Your spell library contained the following spells:

 Spells                   Type           Power      Damage    Failure   Level
 Dazzling Flash           Conj/Hex       60%        N/A       3%          3
 Apportation              Tloc           18%        N/A       7%          1
 Magic Dart               Conj           36%        1d4       7%          1
 Leda's Liquefaction      Hex/Erth       15%        N/A       10%         4
 Static Discharge         Conj/Air       9%         3-5/arc   11%         2
 Vampiric Draining        Necr           9%         2d6       21%         3
 Silence                  Hex/Air        15%        N/A       28%         5
 Dispel Undead            Necr           9%         3d8       56%         4
 Iskenderun's Mystic Bla  Conj/Tloc      9%         2d4       56%         4
 Passage of Golubria      Tloc           9%         N/A       56%         4
 Sticky Flame             Conj/Fire      9%         2d3       56%         4
 Alistair's Intoxication  Tmut/Pois      6%         N/A       88%         5
 Fireball                 Conj/Fire      4%         3d4       88%         5
 Lee's Rapid Deconstruct  Erth           4%         3d6*      88%         5
 Starburst                Conj/Fire      4%         6d4       100%        6
 Statue Form              Tmut/Erth      6%         N/A       100%        6
 Lehudib's Crystal Spear  Conj/Erth      4%         10d3      100%        8

Inventory:

Hand Weapons
 a - a +1 dagger
 C - a +2 short sword of electrocution (weapon)
 K - a +1 whip of electrocution
 N - a +2 falchion of holy wrath
Missiles
 r - 2 throwing nets {=f}
 H - a curare-tipped dart {=f}
Armour
 v - a +0 buckler
 B - the +0 robe of the Elven Halls (worn) {rC+ Regen+ Int+4}
   (You found it on level 6 of the Dungeon)

   Int:       It affects your intelligence (+4).
   rC:        It protects you from cold.
   Regen:     It increases your rate of health regeneration.
 M - an orb of mayhem
Magical Staves
 G - a staff of conjuration {!a}
Jewellery
 x - an amulet of regeneration (around neck)
 D - the ring of Music {rF- rC+++ rCorr Str+4 Dex-4}
   (You found it on level 6 of the Dungeon)

   [ring of resist corrosion]

   Str:       It affects your strength (+4).
   Dex:       It affects your dexterity (-4).
   rF:        It makes you vulnerable to fire.
   rC:        It renders you almost immune to cold.
   rCorr:     It protects you from acid and corrosion.
 T - a +4 ring of protection (left hand)
 Y - a +4 ring of slaying (right hand)
Wands
 o - a wand of charming (8)
 p - a wand of acid (13)
Scrolls
 d - 6 scrolls of identify {unknown}
 e - 2 scrolls of brand weapon {unknown}
 g - 4 scrolls of blinking {unknown}
 h - a scroll of amnesia {unknown}
 i - 4 scrolls of noise {unknown}
 j - 5 scrolls of teleportation {unknown}
 q - 4 scrolls of torment {unknown}
 s - a scroll of fog {unknown}
 w - 2 scrolls of immolation {unknown}
 y - a scroll of acquirement {unknown}
 A - 2 scrolls of vulnerability {unknown}
 E - 3 scrolls of magic mapping {unknown}
 J - a scroll of fear {unknown}
 L - a scroll of poison {unknown}
Potions
 b - a potion of resistance {unknown}
 c - 3 potions of invisibility
 f - 5 potions of curing {unknown}
 k - 2 potions of brilliance {unknown}
 l - 4 potions of might {unknown}
 m - 3 potions of heal wounds {unknown}
 n - a potion of flight {unknown}
 t - 2 potions of degeneration {unknown}
 u - 2 potions of berserk rage {unknown}
 z - 3 potions of mutation {unknown}
 F - a potion of attraction {unknown}
 I - 2 potions of haste {unknown}

Dungeon Overview and Level Annotations

Branches:
Dungeon (8/15)             Temple (1/1) D:4          Bailey (visited)
   Lair: D:8-11

Altars:
Ashenzari
Cheibriados
Dithmenos
Fedhas
Gozag
Hepliaklqana
Makhleb
Nemelex Xobeh
Okawaru
Qazlal
Ru
Sif Muna
Trog
Uskayaw
Vehumet
Wu Jian
Yredelemnul
Zin

Shops:
D:3 (

Annotations:
D:6 exclusion: 2 doors
D:7 Joseph, Maggie

..≈..≈......~▒.).▒~....#
..≈..≈.~....~.)).▒~....#
..≈..≈~.#...~▒.).▒~....#
..≈..≈..#...~▒▒▒▒▒~....#
..≈.....#...~~~~~≈~....#
.~≈.....#..............#
..≈.....#...##....#.##.#####
..#.....#...# ##+#####.##...
. #.....#..@#...............
#.....#.oo#...............
#.....'..)+...............
#.....#...##....####.##...
#.....#...##....####.##...
#.....#...................
#.....#...................
#.....'.....o.............
#.....########'###...##...


You could see an orc warrior and an orc priest.


Message History

Press: ? - help, Shift-Dir - straight line, f - orc warrior
Aim: an orc warrior, wielding a +0 scimitar and wearing a +0 plate armour (moderately wounded, umbra, chance to affect: 60%)
The orc warrior resists with significant effort.
The orc priest looks satisfied for a moment.
Casting: Ensorcelled Hibernation (safe; 1% risk of failure)
Confirm with . or Enter, or press ? or * to list all spells.
Aiming: Ensorcelled Hibernation (safe; 1% risk of failure)
Press: ? - help, Shift-Dir - straight line, f/p - orc warrior
Aim: an orc warrior, wielding a +0 scimitar and wearing a +0 plate armour (moderately wounded, umbra, chance to affect: 60%)
The orc warrior resists with significant effort.
The orc warrior barely misses you.
Casting: Ensorcelled Hibernation (safe; 1% risk of failure)
Confirm with . or Enter, or press ? or * to list all spells.
Your hands begin to glow red.
The orc warrior hits you with a +0 scimitar!
You barely miss the orc warrior.
The orc warrior is moderately wounded.
The orc warrior barely misses you.
The orc priest calls down the wrath of Beogh upon you.
Beogh smites you!
* * * LOW HITPOINT WARNING * * *
You hit the orc warrior but do no damage.
The orc warrior is moderately wounded.
You barely miss the orc warrior.
The orc warrior is moderately wounded.
The orc warrior hits you with a +0 scimitar!
* * * LOW HITPOINT WARNING * * *
There are monsters nearby!
The orc warrior hits you with a +0 scimitar!
You die...

Skill      XL: |  1  2  3  4  5  6  7  8  9 10 |
---------------+-------------------------------+-----
Dodging        | 3 4 5 6 8 9 10 | 10.2
Stealth        | 5 6 7 8 9 11 12 13 | 13.0
Spellcasting   | 3 4 5 7 8 |  8.9
Hexes          | 4 5 6 7 9 |  9.3
Short Blades   | 2 |  2.5

Action                   |  1- 3 |  4- 6 |  7- 9 | 10-12 || total
-------------------------+-------+-------+-------+-------++-------
Melee: Dagger            |   127 |   137 |    80 |       ||   344
       Punch             |     2 |     1 |     3 |     2 ||     8
       Short sword       |       |       |   181 |    58 ||   239
 Cast: Ensorcelled Hiber |    10 |    27 |    83 |     4 ||   124
       Confusing Touch   |       |       |     8 |     3 ||    11
       Slow              |       |       |       |     2 ||     2
 Stab: Sleeping          |    22 |    19 |    66 |    12 ||   119
       Distracted        |     1 |     3 |     2 |       ||     6
       Confused          |       |       |     5 |     3 ||     8
Armor: Robe              |    14 |    21 |    29 |     1 ||    65
Dodge: Dodged            |    90 |    90 |   240 |    45 ||   465

Levels and vault maps discovered:
D:1:      dpeg_arrival_central, layout_basic,
          dreamdust_ecumenical_altar_drowned_temple
D:2:      minmay_recursive_quarters, layout_loops_ring,
          corexii_hall_statues_deadend
D:3:      layout_loops_ring, serial_shops, shop, minivault_23,
          kennysheep_generic_room_11
D:4:      layout_gridville, temple_hall, minmay_misc_feat_square, uniq_sigmund
D:5:      layout_basic, mainiacjoe_overflow_catwalk_spiral,
          minmay_tree_intersection
D:6:      layout_basic, minmay_manual_monstrance
D:7:      minmay_razor_zed, layout_rooms, uniq_prince_ribbit1, uniq_maggie,
          uniq_joseph
D:8:      layout_gridville, enter_bailey_3, serial_rivers,
          chequers_serial_rivers_micro_c, chequers_serial_rivers_small_a,
          chequers_serial_rivers_micro_e, chequers_serial_rivers_small_3,
          chequers_serial_rivers_micro_e, chequers_serial_rivers_micro_a,
          minivault_1
Temple:   regret_index_temple_sphere_string

Notes
Turn   | Place    | Note
-------+----------+-------------------------------------------
     0 | D:1      | kingofthe the Spriggan Enchanter began the quest for the
                  | Orb.
     0 | D:1      | Reached XP level 1. HP: 9/9 MP: 5/5
   437 | D:1      | Reached skill level 3 in Dodging
   437 | D:1      | Reached skill level 5 in Stealth
   701 | D:1      | Reached XP level 2. HP: 13/13 MP: 6/6
   704 | D:1      | Learned a level 2 spell: Ensorcelled Hibernation
  1118 | D:1      | Found a faded altar of an unknown god.
  1498 | D:1      | Reached XP level 3. HP: 7/16 MP: 2/8
  1853 | D:2      | Reached skill level 6 in Stealth
  2675 | D:2      | Reached XP level 4. HP: 21/21 MP: 4/9
  2851 | D:2      | Reached skill level 4 in Dodging
  2851 | D:2      | Reached skill level 7 in Stealth
  3083 | D:3      | Found Rewn's Weapon Shop.
  3702 | D:3      | Reached XP level 5. HP: 23/24 MP: 10/10
  4120 | D:3      | Found Rewn's Weapon Shop.
  4143 | D:3      | Reached skill level 3 in Spellcasting
  5003 | D:4      | Learned a level 3 spell: Confusing Touch
  5085 | D:4      | Reached skill level 4 in Hexes
  5131 | D:3      | Reached skill level 5 in Dodging
  5131 | D:3      | Reached skill level 8 in Stealth
  5131 | D:3      | Reached XP level 6. HP: 28/28 MP: 3/12
  5286 | D:4      | Noticed Sigmund
  5305 | D:4      | Killed Sigmund
  5306 | D:4      | Reached skill level 4 in Spellcasting
  5306 | D:4      | Reached skill level 5 in Hexes
  5306 | D:4      | Reached XP level 7. HP: 30/32 MP: 4/14
  5657 | D:4      | Reached skill level 6 in Dodging
  5971 | D:4      | Got Sonanegy's Teachings on Outbursts and the Summer
  6000 | D:4      | Reached skill level 9 in Stealth
  6274 | D:4      | Found a staircase to the Ecumenical Temple.
  6283 | Temple   | Entered the Ecumenical Temple
  6475 | D:5      | Entered Level 5 of the Dungeon
  6485 | D:5      | Reached skill level 5 in Spellcasting
  6653 | D:5      | Learned a level 3 spell: Tukima's Dance
  7189 | D:5      | Found a shadowy altar of Dithmenos.
  7194 | D:5      | Reached skill level 6 in Hexes
  7194 | D:5      | Reached XP level 8. HP: 36/36 MP: 11/17
  7197 | D:5      | Found a basalt altar of Yredelemnul.
  7219 | D:5      | Became a worshipper of Dithmenos the Shadowed
  7273 | D:5      | Reached skill level 7 in Dodging
  7586 | D:5      | Learned a level 1 spell: Slow
  7653 | D:5      | Reached skill level 10 in Stealth
  7709 | D:6      | Reached skill level 6 in Spellcasting
  7718 | D:6      | Identified the +0 robe of the Elven Halls {rC+ Regen+
                  | Int+4}
  8225 | D:6      | Noticed a hornet
  8297 | D:6      | Reached * piety under Dithmenos
  8345 | D:6      | Identified the ring of Music {rF- rC+++ rCorr Str+4 Dex-4}
  8476 | D:6      | Reached skill level 7 in Hexes
  8479 | D:6      | Reached skill level 8 in Dodging
  8628 | D:6      | Killed a hornet
  8629 | D:6      | Reached skill level 11 in Stealth
  8629 | D:6      | Reached skill level 7 in Spellcasting
  8629 | D:6      | Reached XP level 9. HP: 24/39 MP: 16/20
  8923 | D:7      | Noticed Joseph
  8939 | D:7      | Noticed Prince Ribbit
  8943 | D:7      | Noticed Maggie
  8944 | D:7      | Killed Prince Ribbit
  9198 | D:7      | Reached skill level 8 in Hexes
  9257 | D:7      | Reached skill level 9 in Dodging
  9349 | D:7      | Reached skill level 12 in Stealth
  9424 | D:7      | Reached skill level 8 in Spellcasting
  9858 | D:8      | Reached ** piety under Dithmenos
 10287 | D:8      | Found a flagged portal.
 10303 | Bailey   | Entered a bailey
 10418 | Bailey   | Reached skill level 9 in Hexes
 10471 | Bailey   | Reached XP level 10. HP: 44/44 MP: 23/23
 10488 | Bailey   | Reached skill level 10 in Dodging
 10539 | Bailey   | Reached *** piety under Dithmenos
 10548 | Bailey   | Reached skill level 2 in Short Blades
 10606 | Bailey   | Noticed a gargoyle
 10769 | Bailey   | Killed a gargoyle
 10820 | Bailey   | Reached skill level 13 in Stealth
 10828 | Bailey   | Identified the +5 plate armour of Lethargy {rPois Int+3
                  | Slay-4}
 10832 | Bailey   | Identified the +5 scale mail of Hepliaklqana's Wrath {rC+
                  | Will- Regen+ Str+6}
 10956 | D:8      | Mangled by an orc warrior

Vanquished Creatures
  A gargoyle (Bailey)
  A hornet (D:6)
  Prince Ribbit (D:7)
  A vampire (Bailey)
  Sigmund (D:4)
  5 water moccasins
  2 sky beasts (D:7)
  An orc warrior (D:8)
  2 ice beasts
  2 ogres (D:4)
  2 black bears
  2 centaurs
  A phantom (D:7)
  A kobold brigand (D:7)
  A necrophage (D:6)
  A gnoll sergeant (D:7)
  5 bullfrogs
  2 scorpions
  A wight (D:8)
  7 vampire bats (Bailey)
  6 wolf zombies (Bailey)
  A howler monkey (D:8)
  2 orc priests (D:8)
  4 hounds
  A gnoll bouda (D:7)
  2 jellies (D:4)
  4 iguanas
  4 orc wizards
  8 adders
  14 gnolls
  2 shadow imps
  2 white imps
  A worm (D:3)
  5 dart slugs
  22 orcs
  8 ball pythons
  12 endoplasms
  2 giant cockroaches (D:1)
  8 goblins
  11 hobgoblins
  6 jackals
  A quokka (D:4)
  6 bats
  A frilled lizard (D:2)
  9 kobolds
  19 orc zombies (Bailey)
  11 rats
  A spectral kobold (D:1)
213 creatures vanquished.

Table legend: (Time is in decaauts)
 A = Elapsed time spent in this place.
 B = Non-inter-level travel time spent in this place.
 C = Inter-level travel time spent in this place.
 D = Time resting spent in this place.
 E = Time spent auto-exploring this place.
 F = Levels seen in this place.
 G = Mean time per level.
                   A        B        C        D        E       F      G
               +--------+--------+--------+--------+--------+-----+--------+
         Total |   8262 |   8073 |    189 |   1299 |   4986 |  10 |  826.2 |
       Dungeon |   7701 |   7528 |    173 |   1199 |   4869 |   8 |  962.6 |
        Temple |    101 |     85 |     16 |      0 |     76 |   1 |  101.0 |
        Bailey |    458 |    458 |      0 |    100 |     40 |   1 |  458.0 |
               +--------+--------+--------+--------+--------+-----+--------+

Top non-repeatable levels by time:
     D:1: 1570 daAuts
     D:3: 1531 daAuts
     D:4: 959 daAuts
     D:6: 881 daAuts
     D:2: 839 daAuts
     D:5: 817 daAuts
     D:7: 710 daAuts
  Bailey: 458 daAuts
     D:8: 391 daAuts
  Temple: 101 daAuts

Table legend:
 A = Non-vault XP
 B = Vault XP
 C = Vault XP percentage of total XP
 D = Non-vault monster count
 E = Vault monster count
 F = Vault count percentage of total count
                 A         B        C        D         E       F
            +---------+---------+-------+---------+---------+-------
      Total |    3329 |    3391 |  50.5 |     146 |      67 |  31.5
            +---------+---------+-------+---------+---------+-------
        D:1 |      42 |       1 |   2.3 |      22 |       1 |   4.3
        D:2 |      35 |      40 |  53.3 |      18 |      11 |  37.9
        D:3 |     201 |       1 |   0.5 |      27 |       1 |   3.6
        D:4 |     554 |     214 |  27.9 |      26 |       1 |   3.7
        D:5 |     612 |       0 |   0.0 |      13 |       0 |   0.0
        D:6 |     821 |     322 |  28.2 |      18 |       3 |  14.3
        D:7 |     593 |    1304 |  68.7 |      13 |      12 |  48.0
        D:8 |     471 |       7 |   1.5 |       9 |       4 |  30.8
     Bailey |       0 |    1502 | 100.0 |       0 |      34 | 100.0
            +---------+---------+-------+---------+---------+-------
